Map: Ever Dream LE

Players

Joris

  • Race: Protoss Protoss
  • League: Gold
  • Spawn Location: 7:00

imbacile - Winner!

  • Race: Terran Terran
  • League: Platinum
  • Spawn Location: 1:00

VOD

Have the link to the VOD?

Description

Time

  • Played on: June 29, 2020, 2:12 p.m.
  • Length: 11:13
Show
View Real Time Build Order
Export as new Build Order

Joris Protoss 

Build Orders: 1 Gate Expand, Double Forge 

Get SALT Encoding   

  12  0:01  Probe  
  13  0:13  Probe  
  14  0:21  Pylon  
  14  0:25  Probe  
  15  0:39  Probe  
  16  0:44  Gateway  
  16  0:51  Probe  
  17  1:03  Probe  
  18  1:15  Probe  
  18  1:17  Assimilator  
  19  1:27  Probe  
  19  1:30  Nexus  
  20  1:39  Probe  
  21  1:41  Cybernetics Core  
  21  1:44  Pylon  
  21  1:50  Assimilator  
  21  1:52  Probe  
  22  2:04  Probe  
  22  2:06  Warp Gate  
  23  2:16  Probe  
  24  2:27  Adept  
  24  2:28  Probe  
  27  2:37  Forge  
  27  2:38  Forge  
  27  2:40  Pylon  
  26  2:45  Probe x2  
  28  2:57  Probe x2  
  30  3:01  Adept  
  30  3:25  Adept  
  25  3:49  Gateway  
  25  3:50  Gateway  
  25  3:58  Pylon  
  25  4:03  Protoss Ground Weapons Level 1  
  25  4:05  Shield Battery  
  25  4:26  Stalker  
  23  4:45  Stalker x2  
  27  4:58  Probe  
  27  5:01  Pylon, Probe  
  27  5:06  Protoss Ground Armor Level 1, Probe  
  29  5:09  Probe  
  31  5:15  Probe  
  31  5:17  Probe  
  31  5:18  Pylon  
  32  5:27  Probe  
  32  5:28  Probe  
  35  5:40  Probe x2  
  37  5:45  Assimilator  
  37  5:47  Assimilator  
  37  5:52  Probe x2  
  37  5:53  Twilight Council  
  37  5:55  Stalker  
  41  6:04  Pylon, Probe x2  
  42  6:09  Robotics Facility  
  43  6:14  Probe  
  43  6:16  Probe  
  45  6:22  Probe  
  45  6:23  Stalker  
  47  6:25  Blink  
  47  6:27  Protoss Ground Weapons Level 2  
  47  6:28  Probe  
  47  6:30  Probe  
  50  6:40  Probe  
  50  6:42  Probe  
  50  6:46  Pylon  
  52  6:48  Templar Archives  
  52  6:52  Probe  
  53  6:57  Observer  
  53  6:59  Probe  
  55  7:04  Probe  
  56  7:11  Probe  
  56  7:13  Nexus  
  57  7:16  Probe  
  57  7:19  Observer  
  59  7:23  Probe  
  59  7:28  Probe  
  61  7:31  Pylon  
  61  7:32  Protoss Ground Armor Level 2  
  61  7:35  Pylon  
  61  7:39  Psionic Storm  
  61  7:40  Stalker x3  
  61  7:41  Pylon  
  67  7:57  Pylon  
  67  8:02  Immortal  
  71  8:20  Charge  
  71  8:26  Probe x2  
  71  8:27  Probe  
  74  8:34  High Templar x2  
  74  8:35  High Templar  
  74  8:38  Probe x2  
  74  8:39  Probe  
  83  8:50  Probe x2  
  83  8:51  Probe  
  86  8:57  Gateway  
  86  8:58  Gateway  
  86  9:02  Assimilator, Probe x2  
  88  9:03  Probe  
  88  9:06  High Templar x2  
  88  9:07  Assimilator  
  93  9:11  Pylon  
  93  9:14  Probe  
  93  9:15  Probe x2  
  96  9:24  Immortal  
  100  9:34  High Templar  
  102  9:53  Stalker x3  
  102  9:54  Stalker  
  81  10:19  Stalker  
  81  10:20  Stalker  
  70  10:30  Pylon  
  70  10:34  Pylon  
  62  10:36  Gateway  
  62  10:39  Gateway  
  62  10:41  Gateway  
  62  10:44  Gateway  
  62  10:45  Cybernetics Core  
  62  10:46  Stalker x2  
Show
View Real Time Build Order
Export as new Build Order

imbacile Terran - Winner!

Build Orders:  

Get SALT Encoding   

  12  0:00  SCV  
  13  0:13  SCV  
  14  0:19  Supply Depot  
  14  0:25  SCV  
  15  0:41  SCV  
  16  0:43  Barracks  
  16  0:53  SCV  
  17  0:57  Barracks  
  17  1:02  Supply Depot  
  17  1:07  SCV  
  18  1:19  SCV  
  19  1:31  SCV  
  19  1:32  Marine  
  21  1:47  SCV  
  21  1:49  Marine x2  
  24  1:56  Command Center  
  24  2:06  SCV, Supply Depot  
  25  2:11  Refinery, Marine  
  25  2:13  Marine  
  27  2:23  SCV, Refinery  
  28  2:32  Marine x2  
  28  2:33  Refinery  
  30  2:42  SCV  
  31  2:50  Marine x2  
  31  3:22  Bunker  
  31  3:23  Marine x2  
  31  3:40  Marine  
  31  3:50  Marine  
  32  3:58  Marine  
  33  4:07  SCV x2  
  33  4:08  Marine  
  36  4:11  Ghost Academy  
  36  4:15  Factory  
  36  4:16  Marine  
  37  4:19  SCV  
  38  4:25  Marine  
  38  4:34  Marine  
  37  4:43  Marine  
  38  4:52  Marine  
  34  5:01  Marine  
  35  5:09  Marine  
  35  5:11  SCV x2  
  35  5:13  Bunker  
  38  5:14  Factory Tech Lab  
  38  5:17  Supply Depot  
  38  5:18  Personal Cloaking  
  39  5:23  SCV  
  39  5:26  Engineering Bay  
  39  5:27  Engineering Bay  
  41  5:30  Starport  
  41  5:33  Barracks Tech Lab  
  41  5:34  Barracks Tech Lab  
  39  5:39  SCV x2  
  41  5:45  Siege Tank  
  44  5:51  SCV x2  
  44  5:53  Ghost  
  48  6:01  Ghost  
  50  6:08  Terran Infantry Weapons Level 1  
  50  6:12  Terran Infantry Armor Level 1  
  50  6:28  Missile Turret  
  50  6:29  Missile Turret  
  50  6:33  Supply Depot  
  50  6:38  Ghost Academy  
  50  6:43  Marauder  
  52  6:49  Missile Turret  
  52  6:52  Marauder  
  52  6:54  Stimpack  
  54  6:55  Combat Shield  
  54  7:00  SCV x2  
  56  7:08  Missile Turret  
  56  7:12  SCV  
  56  7:15  Marauder  
  58  7:20  Medivac  
  58  7:22  Siege Tank  
  63  7:25  SCV  
  63  7:26  SCV  
  65  7:41  Marauder x2  
  69  7:45  Orbital Command x2  
  69  7:57  Supply Depot  
  69  8:07  Refinery  
  69  8:14  Concussive Shells  
  69  8:18  SCV, Marauder x2, Medivac  
  69  8:19  SCV  
  77  8:21  Nuke x2  
  77  8:30  Supply Depot  
  77  8:37  SCV x2, Armory  
  79  8:46  Hellion  
  79  8:48  Marine x2  
  83  8:49  SCV x2  
  83  8:51  Medivac  
  87  9:01  SCV  
  88  9:09  Marine x2  
  90  9:19  Siege Tank  
  93  9:27  Marine x2  
  93  9:39  SCV  
  94  10:00  SCV, Viking  
  94  10:02  Marine x2  
  94  10:03  SCV  
  85  10:20  Marine x2  
  78  10:30  Viking  
  80  10:38  Siege Tank, Marine x2  
Tags
 
Add a new tag
Caveats
  • Supply blocks, unpowered buildings, or Contaminate may cause inaccurate times.
  • Supply counts are checked every 10 seconds.